 Dungeon Crawl Stone Soup version 0.32-a0-350-g4f4d228785 (webtiles) character file.

Game seed: 9582040278167294380

4 Bobbunny the Sneak (level 1, 0/14 HPs)
             Began as an Octopode Brigand on Feb 17, 2024.
             Slain by a jackal (1 damage)
             ... on level 1 of the Dungeon.
             The game lasted 00:00:17 (38 turns).

Bobbunny the Sneak (Octopode Brigand)                 Turns: 38, Time: 00:00:18

Health: 0/14       AC:  1    Str: 10    XL:     1   Next: 70%
Magic:  1/1        EV:  9    Int: 13    God:
Gold:   0          SH:  0    Dex: 13    Spells: 0/0 levels left

rFire   . . .        a - +2 dagger
rCold   . . .        (no shield)
rNeg    . . .        (helmet restricted)
rPois   .            (no amulet)
rElec   .            (no ring)
rCorr   .            (no ring)
SInv    .            (no ring)
Will    .....        (no ring)
Stlth   ++++         (no ring)
HPRegen 0.22/turn    (no ring)
MPRegen 0.07/turn    (no ring)
                     (no ring)

%: no passive effects
@: constricted
A: almost no armour, amphibious, 8 rings, camouflage 1, gelatinous body 1,
(nimble swimmer 1), tentacles
a: no special abilities


You were on level 1 of the Dungeon.
You visited 1 branch of the dungeon, and saw 1 of its levels.

Inventory:

Hand Weapons
 a - a +2 dagger (weapon)
Missiles
 c - 3 curare-tipped darts (quivered)
 f - 9 poisoned darts


   Skills:
 + Level 2.2 Fighting
 - Level 2.0 Short Blades
 - Level 2.0 Throwing
 - Level 1.0 Dodging
 - Level 5.3 Stealth
 + Level 0.7 Unarmed Combat


You couldn't memorise any spells.
You didn't know any spells.
Your spell library was empty.

Dungeon Overview and Level Annotations

Branches:
Dungeon (1/15)

Altars:


Innate Abilities, Weirdness & Mutations

You cannot wear most types of armour.
You are amphibious.
You can wear up to eight rings at the same time.
Your skin changes colour to match your surroundings (Stealth+).
Your rubbery body absorbs attacks. (AC +1, EV +1)
((You are camouflaged when in or above water. (Stealth+)))
You have tentacles for arms and can constrict up to eight enemies at once.


Message History

The ball python grabs you. The ball python constricts you.
You hit the ball python. Your grab misses the ball python.
The ball python is severely wounded.
The jackal barely misses you. The jackal bites you. The ball python bites you.
The ball python constricts you.
You are too injured to fight recklessly!
You are too injured to fight recklessly!
You are too injured to fight recklessly!
You are too injured to fight recklessly!
You are too injured to fight recklessly!
You are too injured to fight recklessly!
You are too injured to fight recklessly!
You are too injured to fight recklessly!
You are too injured to fight recklessly!
You are too injured to fight recklessly!
You are too injured to fight recklessly!
You are too injured to fight recklessly!
You are too injured to fight recklessly!
You hit the jackal.
You kill the jackal!
The jackal completely misses you. The ball python closely misses you.
The ball python constricts you. The jackal bites you.
You hit the ball python.
You kill the ball python!
The ball python barely misses you. The ball python misses you.
The jackal closely misses you.
You hit the jackal. You grab the jackal.
The jackal is heavily wounded.
You constrict the jackal. The jackal bites you.
* * * LOW HITPOINT WARNING * * *
The ball python closely misses you. The ball python barely misses you.
You hit the jackal but do no damage.
You squeeze the jackal, but do no damage.
The jackal is severely wounded.
You constrict the jackal, but do no damage.
The jackal bites you.
* * * LOW HITPOINT WARNING * * *
The ball python closely misses you. The ball python grabs you.
The ball python constricts you. The jackal bites you.
You die...

...... ... ###########.
..... ....
~~<~~~~~~~#.......##....
~~.~~~~~~~#...........##
~...~~~~~~#.............
.......~~~#....#........
........~~#...##†S......
.........~#.....@h...#
.###.ß..###...#.#.......
........#K#.....#.......
#'''#######..##.....>...
........##...##.........
........##..##..........
......###...# ...#......
'''''##...### ...#......
.........## #...# ...


You could see a jackal and a ball python.

Vanquished Creatures
  A jackal (D:1)
  A ball python (D:1)
  A kobold (D:1)
3 creatures vanquished.

Notes
Turn   | Place    | Note
-------+----------+-------------------------------------------
     0 | D:1      | Bobbunny the Octopode Brigand began the quest for the Orb.
     0 | D:1      | Reached XP level 1. HP: 14/14 MP: 1/1
    38 | D:1      | Slain by a jackal

Illustrated notes

Levels and vault maps discovered:
D:1:      lordsloth_arrival_two_stooges, layout_basic,
          chequers_ecumenical_altar_lobes, roderic_lattice_a, minmay_lizard_pond

Action                     || total
---------------------------++-------
  Melee: Dagger            ||    10
         Constrict         ||     1
         Tentacles         ||     1
   Stab: Sleeping          ||     1
 Armour: Skin              ||     9
  Dodge: Dodged            ||    14

Table legend: (Time is in decaauts)
 A = Elapsed time spent in this place.
 B = Non-inter-level travel time spent in this place.
 C = Inter-level travel time spent in this place.
 D = Time resting spent in this place.
 E = Time spent auto-exploring this place.
 F = Levels seen in this place.
 G = Mean time per level.
                   A        B        C        D        E       F      G
               +--------+--------+--------+--------+--------+-----+--------+
         Total |     37 |     37 |      0 |      0 |     20 |   1 |   37.0 |
       Dungeon |     37 |     37 |      0 |      0 |     20 |   1 |   37.0 |
               +--------+--------+--------+--------+--------+-----+--------+

Top non-repeatable levels by time:
     D:1: 37 daAuts
